PAA
CHESAPEAKE CONTINENTALS @ RICHLAND RAILS
08/29/2031
 
TOP OF THE 1ST
Chesapeake Continentals batting - Pitching for Richland Rails : LHP Tony Smehrik
Pitching: LHP Tony Smehrik
Batting: RHB Dani Durán 0-0: Called Strike
0-1: Ball
1-1: Foul Ball, location: 2F
1-2: Ground out 5-3 (Groundball, 56S)
Batting: RHB Santiago Valentín 0-0: Called Strike
0-1: Ball
1-1: SINGLE (Line Drive, 56D)
Pitching: RHP Stephen Knight
Batting: RHB Ray Walker 0-0: Ball
Santiago Valentín steals 2nd base
1-0: Foul Ball, location: 2F
1-1: Called Strike
1-2: Fly out, F2 (Popup, 2RF)
Batting: RHB Phil Oostermeer 0-0: Ball
1-0: Ball
2-0: Ball
3-0: Base on Balls
Batting: LHB Bartholomew Bailey 0-0: Ball
1-0: Ball
2-0: Called Strike
2-1: Fly out, F1 (Line Drive, 13)
Top of the 1st over - 0 runs, 1 hit, 0 errors, 2 left on base; Chesapeake 0 - Richland 0
BOTTOM OF THE 1ST
Richland Rails batting - Pitching for Chesapeake Continentals : LHP Bu-wei Law
Pitching: LHP Bu-wei Law
Batting: RHB Yoichibei Chikafuji 0-0: Called Strike
0-1: Foul Ball, location: 2F
0-2: Reached on error, E4 (Groundball, 4)
Batting: RHB Alejandro Herrera 0-0: Ball
Yoichibei Chikafuji is caught stealing 2nd base
1-0: Foul Ball, location: 2F
1-1: Ground out 6-3 (Groundball, 6)
Pitching: RHP Kenny Makris
Batting: RHB León Preciado 0-0: Ball
1-0: Ball
2-0: Ball
3-0: Called Strike
3-1: Foul Ball, location: 2F
3-2: Ground out 6-3 (Groundball, 6)
Bottom of the 1st over - 0 runs, 0 hits, 1 error, 0 left on base; Chesapeake 0 - Richland 0
TOP OF THE 2ND
Chesapeake Continentals batting - Pitching for Richland Rails : RHP Stephen Knight
Batting: RHB Alfonso Morín 0-0: Ball
1-0: Swinging Strike
1-1: Foul Ball, location: 2F
1-2: Foul Ball, location: 2F
1-2: Strikes out looking
Batting: LHB Mathias Gudmestad 0-0: Ball
1-0: Ground out 3-1 (Groundball, 23)
Batting: RHB Otton Dis 0-0: Ball
1-0: Foul Ball, location: 2F
1-1: Ball
2-1: Swinging Strike
2-2: Strikes out swinging
Top of the 2nd over - 0 runs, 0 hits, 0 errors, 0 left on base; Chesapeake 0 - Richland 0
BOTTOM OF THE 2ND
Richland Rails batting - Pitching for Chesapeake Continentals : RHP Kenny Makris
Batting: SHB Tony Manzanares 0-0: Called Strike
0-1: Foul Ball, location: 2F
0-2: Ball
1-2: Foul Ball, location: 2F
1-2: Ball
2-2: Ground out 3-1 (Groundball, 34S)
Batting: RHB Luo-lang Li 0-0: Ball
1-0: Called Strike
1-1: Ball
2-1: Ball
3-1: Called Strike
3-2: Foul Ball, location: 2F
3-2: Fly out, F6 (Popup, 6MD)
Batting: LHB Juan Rosado 0-0: Ball
1-0: Ball
2-0: Called Strike
2-1: Foul Ball, location: 2F
2-2: Ground out 4-3 (Groundball, 4)
Bottom of the 2nd over - 0 runs, 0 hits, 0 errors, 0 left on base; Chesapeake 0 - Richland 0
TOP OF THE 3RD
Chesapeake Continentals batting - Pitching for Richland Rails : RHP Stephen Knight
Batting: SHB Peer van Lochem 0-0: Fly out, F6 (Popup, 4MD)
Batting: RHB Dani Durán 0-0: Called Strike
0-1: Ball
1-1: Called Strike
1-2: Ball
2-2: SINGLE (Groundball, 56) (infield hit)
Batting: RHB Santiago Valentín 0-0: Ball
1-0: Called Strike
1-1: Foul Ball, location: 2F
1-2: Ball
2-2: Strikes out swinging
Batting: RHB Ray Walker 0-0: Ball
Dani Durán steals 2nd base
1-0: Ground out 5-3 (Groundball, 56S)
Top of the 3rd over - 0 runs, 1 hit, 0 errors, 1 left on base; Chesapeake 0 - Richland 0
BOTTOM OF THE 3RD
Richland Rails batting - Pitching for Chesapeake Continentals : RHP Kenny Makris
Batting: LHB Jared Morningstar 0-0: Called Strike
0-1: Ball
1-1: Fly out, F6 (Line Drive, 6)
Batting: LHB Wulf Paauwe 0-0: Ball
1-0: Called Strike
1-1: Fly out, F7 (Flyball, 7)
Batting: LHB Hugh Hill 0-0: Ball
1-0: Reached on error, E5 (Groundball, 56)
Batting: RHB Yoichibei Chikafuji 0-0: Called Strike
0-1: Swinging Strike
0-2: Foul Ball, location: 2F
0-2: Ball
1-2: Ball
2-2: Ground out 6-3 (Groundball, 6)
Bottom of the 3rd over - 0 runs, 0 hits, 1 error, 1 left on base; Chesapeake 0 - Richland 0
TOP OF THE 4TH
Chesapeake Continentals batting - Pitching for Richland Rails : RHP Stephen Knight
Batting: RHB Phil Oostermeer 0-0: Ball
1-0: Swinging Strike
1-1: Ball
2-1: Ball
3-1: Called Strike
3-2: Foul Ball, location: 2F
3-2: Foul Ball, location: 2F
3-2: Foul Ball, location: 2F
3-2: Fly out, F3 (Popup, 34S)
Batting: LHB Bartholomew Bailey 0-0: Fly out, F8 (Flyball, 8RD)
Batting: RHB Alfonso Morín 0-0: DOUBLE (Flyball, 78D)
Batting: LHB Mathias Gudmestad 0-0: Ball
1-0: Swinging Strike
1-1: Ball
2-1: SINGLE (Groundball, 4D)
Alfonso Morín to third
Runner from 3rd tries for Home, SAFE, no throw
Batting: RHB Otton Dis 0-0: Ball
1-0: Ground out U3 (Groundball, 34)
Top of the 4th over - 1 run, 2 hits, 0 errors, 1 left on base; Chesapeake 1 - Richland 0
BOTTOM OF THE 4TH
Richland Rails batting - Pitching for Chesapeake Continentals : RHP Kenny Makris
Batting: RHB Alejandro Herrera 0-0: Called Strike
0-1: SINGLE (Groundball, 56) (infield hit)
Batting: RHB León Preciado 0-0: Ball
1-0: Fly out, F8 (Flyball, 89XD)
Batting: SHB Tony Manzanares 0-0: Ball
1-0: Ground out U3 (Groundball, 34S)
Alejandro Herrera to second
Batting: RHB Luo-lang Li 0-0: Ground out 6-3 (Groundball, 6)
Bottom of the 4th over - 0 runs, 1 hit, 0 errors, 1 left on base; Chesapeake 1 - Richland 0
TOP OF THE 5TH
Chesapeake Continentals batting - Pitching for Richland Rails : RHP Stephen Knight
Batting: SHB Peer van Lochem 0-0: Called Strike
0-1: SINGLE (Groundball, 4D)
Batting: RHB Dani Durán 0-0: Bunt missed!
0-1: Sac Bunt - play at first, batter OUT! 3-4
Peer van Lochem to second
Batting: RHB Santiago Valentín 0-0: Swinging Strike
0-1: Fly out, F8 (Flyball, 8LS)
Batting: RHB Ray Walker 0-0: DOUBLE (Line Drive, 3D)
Peer van Lochem scores
Batting: RHB Phil Oostermeer 0-0: Ball
1-0: Called Strike
1-1: Called Strike
1-2: Strikes out swinging
Top of the 5th over - 1 run, 2 hits, 0 errors, 1 left on base; Chesapeake 2 - Richland 0
BOTTOM OF THE 5TH
Richland Rails batting - Pitching for Chesapeake Continentals : RHP Kenny Makris
Batting: LHB Juan Rosado 0-0: Ball
1-0: Ball
2-0: Ground out 6-3 (Groundball, 6)
Batting: LHB Jared Morningstar 0-0: Ball
1-0: Ground out U3 (Groundball, 34)
Batting: LHB Wulf Paauwe 0-0: Ball
1-0: Ground out 5-3 (Groundball, 56)
Bottom of the 5th over - 0 runs, 0 hits, 0 errors, 0 left on base; Chesapeake 2 - Richland 0
TOP OF THE 6TH
Chesapeake Continentals batting - Pitching for Richland Rails : RHP Stephen Knight
Pitching: RHP Carlton Roberts
Batting: LHB Bartholomew Bailey 0-0: Foul Ball, location: 2F
0-1: SINGLE (Groundball, 56D)
Batting: RHB Alfonso Morín 0-0: Ball
1-0: Swinging Strike
1-1: Ball
2-1: Ball
3-1: Base on Balls
Bartholomew Bailey to second
Batting: LHB Mathias Gudmestad 0-0: Ball
1-0: Ball
2-0: Sac Bunt - play at first, batter OUT! 1-4
Bartholomew Bailey to third
Alfonso Morín to second
Batting: RHB Otton Dis 0-0: Swinging Strike
0-1: Swinging Strike
0-2: Ball
1-2: Foul Ball, location: 2F
1-2: Ball
Passed Ball!
Bartholomew Bailey scores
Alfonso Morín to third
2-2: Ball
3-2: Strikes out swinging
Batting: SHB Peer van Lochem 0-0: Called Strike
0-1: Fly out, F6 (Line Drive, 6M)
Top of the 6th over - 1 run, 1 hit, 0 errors, 1 left on base; Chesapeake 3 - Richland 0
BOTTOM OF THE 6TH
Richland Rails batting - Pitching for Chesapeake Continentals : RHP Kenny Makris
Batting: LHB Hugh Hill 0-0: Called Strike
0-1: Ball
1-1: Ground out 5-3 (Groundball, 5L)
Batting: RHB Yoichibei Chikafuji 0-0: Called Strike
0-1: Foul Ball, location: 2F
0-2: Ground out 4-3 (Groundball, 4)
Batting: RHB Alejandro Herrera 0-0: Ball
1-0: Called Strike
1-1: Ball
2-1: Called Strike
2-2: Ball
3-2: Foul Ball, location: 2F
3-2: Base on Balls
Pitching: LHP Nicolas Michel
Batting: RHB León Preciado 0-0: SINGLE (Groundball, 56S) (infield hit)
Alejandro Herrera to second
Batting: SHB Tony Manzanares 0-0: Ground out 1-3 (Groundball, P)
Bottom of the 6th over - 0 runs, 1 hit, 0 errors, 2 left on base; Chesapeake 3 - Richland 0
TOP OF THE 7TH
Chesapeake Continentals batting - Pitching for Richland Rails : RHP Carlton Roberts
Batting: RHB Dani Durán 0-0: Fly out, F7 (Flyball, 7S)
Batting: RHB Santiago Valentín 0-0: Ball
1-0: Ball
2-0: Called Strike
2-1: Ball
3-1: Base on Balls
Batting: RHB Ray Walker 0-0: Ball
1-0: Called Strike
1-1: Swinging Strike
1-2: Strikes out swinging
Batting: RHB Phil Oostermeer 0-0: Ball
1-0: Ball
2-0: Foul Ball, location: 2F
2-1: Swinging Strike
2-2: Fly out, F8 (Flyball, 8LXD)
Top of the 7th over - 0 runs, 0 hits, 0 errors, 1 left on base; Chesapeake 3 - Richland 0
BOTTOM OF THE 7TH
Richland Rails batting - Pitching for Chesapeake Continentals : LHP Nicolas Michel
Batting: RHB Luo-lang Li 0-0: Swinging Strike
0-1: Called Strike
0-2: Foul Ball, location: 2F
0-2: SINGLE (Flyball, 8LS)
Batting: LHB Juan Rosado 0-0: Ball
1-0: Ball
2-0: Foul Ball, location: 2F
2-1: Swinging Strike
2-2: Foul Ball, location: 2F
2-2: Strikes out swinging
Luo-lang Li steals 2nd base
Batter strikes out.
Batting: LHB Jared Morningstar 0-0: Ball
1-0: Ball
2-0: Called Strike
2-1: Foul Ball, location: 2F
2-2: Foul Ball, location: 2F
2-2: Foul Ball, location: 2F
2-2: Fly out, F7 (Flyball, 7S)
Batting: LHB Wulf Paauwe 0-0: Called Strike
0-1: Ball
1-1: Swinging Strike
1-2: Foul Ball, location: 2F
1-2: Foul Ball, location: 2F
1-2: Foul Ball, location: 2F
1-2: Strikes out swinging
Bottom of the 7th over - 0 runs, 1 hit, 0 errors, 1 left on base; Chesapeake 3 - Richland 0
TOP OF THE 8TH
Chesapeake Continentals batting - Pitching for Richland Rails : RHP Carlton Roberts
Batting: LHB Bartholomew Bailey 0-0: Called Strike
0-1: Ball
1-1: Ball
2-1: Foul Ball, location: 2F
2-2: Foul Ball, location: 2F
2-2: Foul Ball, location: 2F
2-2: Ground out 4-3 (Groundball, 4)
Batting: RHB Alfonso Morín 0-0: Ball
1-0: Ball
2-0: Ball
3-0: Called Strike
3-1: Called Strike
3-2: Base on Balls
Batting: LHB Mathias Gudmestad 0-0: Called Strike
0-1: Called Strike
0-2: Foul Ball, location: 2F
0-2: Fly out, F9 (Flyball, 89M)
Batting: RHB Otton Dis 0-0: Ball
1-0: Foul Ball, location: 2F
1-1: Called Strike
1-2: Ball
2-2: Foul Ball, location: 2F
2-2: Ball
3-2: Base on Balls
Alfonso Morín to second
Batting: SHB Peer van Lochem 0-0: Called Strike
0-1: Ball
1-1: Ground out U3 (Groundball, 3)
Top of the 8th over - 0 runs, 0 hits, 0 errors, 2 left on base; Chesapeake 3 - Richland 0
BOTTOM OF THE 8TH
Richland Rails batting - Pitching for Chesapeake Continentals : LHP Nicolas Michel
Batting: LHB Hugh Hill 0-0: Called Strike
0-1: Swinging Strike
0-2: SINGLE (Groundball, 56D)
Batting: RHB Yoichibei Chikafuji 0-0: Foul Ball, location: 2F
0-1: Foul Ball, location: 2F
0-2: Ball
1-2: Ball
2-2: Strikes out swinging
Batting: RHB Alejandro Herrera 0-0: Ball
1-0: Ball
2-0: Ball
Passed Ball!
Hugh Hill to second
3-0: Called Strike
3-1: Called Strike
3-2: Foul Ball, location: 2F
3-2: Foul Ball, location: 2F
3-2: Foul Ball, location: 2F
3-2: Base on Balls
Batting: RHB León Preciado 0-0: Called Strike
0-1: Ball
1-1: Foul Ball, location: 2F
1-2: Ball
2-2: Ball
3-2: Strikes out swinging
Batting: SHB Tony Manzanares 0-0: Ball
1-0: Called Strike
1-1: Foul Ball, location: 2F
1-2: Ball
2-2: Ball
3-2: Foul Ball, location: 2F
3-2: Foul Ball, location: 2F
3-2: SINGLE (Groundball, 56D)
Hugh Hill to third
Alejandro Herrera to second
Hugh Hill scores
Alejandro Herrera to third
Pitching: LHP Cedric Zuercher
Batting: RHB Luo-lang Li 0-0: Foul Ball, location: 2F
0-1: Called Strike
0-2: Strikes out looking
Bottom of the 8th over - 1 run, 2 hits, 0 errors, 2 left on base; Chesapeake 3 - Richland 1
TOP OF THE 9TH
Chesapeake Continentals batting - Pitching for Richland Rails : RHP Carlton Roberts
Pitching: RHP Matko Perisc
Batting: RHB Dani Durán 0-0: Foul Ball, location: 2F
0-1: Swinging Strike
0-2: Fly out, F4 (Flyball, 6MD)
Batting: RHB Santiago Valentín 0-0: Called Strike
0-1: Ball
1-1: Ball
2-1: Called Strike
2-2: Ground out 5-3 (Groundball, 56S)
Batting: RHB Ray Walker 0-0: SINGLE (Groundball, 56D)
Batting: RHB Phil Oostermeer 0-0: Called Strike
0-1: Called Strike
Ray Walker is caught stealing 2nd base
Top of the 9th over - 0 runs, 1 hit, 0 errors, 0 left on base; Chesapeake 3 - Richland 1
BOTTOM OF THE 9TH
Richland Rails batting - Pitching for Chesapeake Continentals : LHP Cedric Zuercher
Pitching: LHP Francisco Torres
Batting: LHB Juan Rosado 0-0: Fly out, F9 (Flyball, 9LSF)
Batting: LHB Jared Morningstar 0-0: Called Strike
0-1: Ball
1-1: Called Strike
1-2: Strikes out swinging
Batting: LHB Wulf Paauwe 0-0: Called Strike
0-1: Foul Ball, location: 2F
0-2: Foul Ball, location: 2F
0-2: Foul Ball, location: 2F
0-2: Ball
1-2: Ball
2-2: Foul Ball, location: 2F
2-2: SINGLE (Groundball, 34D)
Pinch Hitting: RHB Fytor Ceia 0-0: Fly out, F8 (Flyball, 8RS)
Bottom of the 9th over - 0 runs, 1 hit, 0 errors, 1 left on base; Chesapeake 3 - Richland 1
Tuesday, June 12th, 2018 - OOTP Baseball 18.8 Build 76